 Dungeon Crawl Stone Soup version 0.24-a0-769-g368c1644f8 (webtiles) character file.

Game seed: 17547698892129426249, levelgen mode: deterministic

32784 Mirvelgyr the Executioner (level 13, -5/166 HPs)
             Began as a Minotaur Berserker on Oct 4, 2019.
             Was an Elder of Trog.
             Slain by a white very ugly thing (12 damage)
             ... on level 2 of the Abyss.
             The game lasted 00:27:58 (13793 turns).

Mirvelgyr the Executioner (Minotaur Berserker)     Turns: 13793, Time: 00:27:58

Health: -5/166     AC: 32    Str: 32    XL:     13   Next: 33%
Magic:  12/12      EV: 11    Int:  4    God:    Trog [****..]
Gold:   729        SH:  0    Dex: 10    Spells: 12/12 levels left

rFire    + . .     SeeInvis +   F - +7 executioner's axe (freeze)
rCold    + . .     Gourm    .   (shield currently unavailable)
rNeg     . . .     Faith    .   v - +15 Maxwell's patent armour {-Cast -Tele rElec MR+ rCorr}
rPois    .         Spirit   .   (helmet unavailable)
rElec    +         Reflect  .   d - +2 cloak {rC+}
rCorr    +         Harm     .   (no gloves)
MR       ++...     NoTele   +   (no boots) Stlth ..........NoCast +
                                (no amulet)
HPRegen  0.37/turn              g - ring of protection from fire
MPRegen  0.13/turn              H - ring of see invisible

@: berserking, very quick
A: retaliatory headbutt, horns 3, magic resistance 1, MP-powered wands
a: Berserk, Trog's Hand, Brothers in Arms, Renounce Religion


You were on level 2 of the Abyss.
You worshipped Trog.
Trog was greatly pleased with you.
You were very full.

You visited 2 branches of the dungeon, and saw 14 of its levels.
You visited the Abyss 1 time.
You also visited: Ossuary and Ice Cave.

You collected 729 gold pieces.

Inventory:

Hand Weapons
 F - a +7 executioner's axe of freezing (weapon)
Armour
 d - a +2 cloak of cold resistance (worn)
 v - the +15 Maxwell's patent armour (worn) {-Cast -Tele rElec MR+ rCorr}
   (You found it on level 9 of the Dungeon)

   It insulates you from electricity.
   It affects your resistance to hostile enchantments.
   It prevents spellcasting.
   It prevents most forms of teleportation.
   It provides partial protection from all sources of acid and corrosion.
 E - a +2 plate armour of magic resistance
Jewellery
 g - a ring of protection from fire (left hand)
 H - a ring of see invisible (right hand)
Wands
 k - a wand of enslavement (10)
 A - a wand of flame (25)
 D - a wand of disintegration (18)
 I - a wand of polymorph (26)
 J - a wand of acid (9)
Scrolls
 b - 7 scrolls of random uselessness
 e - 7 scrolls of teleportation
 i - 7 scrolls of immolation
 j - 4 scrolls of fear
 o - 2 scrolls of enchant armour
 q - a scroll of amnesia
 r - 2 scrolls of blinking
 w - a scroll of summoning
 x - a scroll of noise
 y - 3 scrolls of magic mapping
 z - 3 scrolls of remove curse
 G - 2 scrolls of fog
 L - a scroll of enchant weapon
Potions
 a - 2 potions of haste
 f - 2 potions of heal wounds
 h - 3 potions of curing
 l - 6 potions of lignification
 n - 2 potions of magic
 p - 6 potions of agility
 s - 2 potions of might {unknown}
 t - 8 potions of flight
 u - 14 potions of degeneration
 B - 2 potions of mutation
 C - 5 potions of brilliance
Comestibles
 c - 22 rations
 m - 4 chunks of flesh


   Skills:
 - Level 9.2 Fighting
 + Level 21.1 Axes
 - Level 8.8 Armour
 - Level 8.1 Dodging


You had 12 spell levels left.
You didn't know any spells.
Your spell library was empty.

Dungeon Overview and Level Annotations

Branches:
Dungeon (12/15)            Temple (0/1) D:4            Lair (2/6) D:10
  Snake (0/4) Lair:2          Orc (0/2) D:11        Ossuary (visited)
  IceCv (visited)
  Swamp: Lair:2-4    Shoals: Lair:2-4

Altars:
Ru
The Shining One
Beogh

Shops:
D:6 }

Annotations:
D:6 1 runed translucent door, asdu's ghost, amateur HOMo
Lair:2 Sonja


Innate Abilities, Weirdness & Mutations

You reflexively headbutt those who attack you in melee.
You have a pair of large horns on your head.
You are resistant to hostile enchantments. (MR+)
You expend magic power (3 MP) to strengthen your wands.


Message History

You slice the tentacled starspawn!! You freeze the tentacled starspawn!
The starspawn tentacle loses its grip on you.
You slice the starspawn tentacle!! You freeze the starspawn tentacle.
The starspawn tentacle closely misses you.
The starspawn tentacle grabs you. The starspawn tentacle constricts you.
The white very ugly thing gores you but does no damage.
The tentacled starspawn bites you.
* * * LOW HITPOINT WARNING * * *
The tentacled starspawn engulfs you but does no damage.
You slash the white very ugly thing!
The white very ugly thing is severely wounded.
You slash the starspawn tentacle! You freeze the starspawn tentacle.
You destroy the starspawn tentacle!
You hit the tentacled starspawn. You freeze the tentacled starspawn.
You slice the starspawn tentacle!! You freeze the starspawn tentacle.
You destroy the starspawn tentacle!
The white very ugly thing gores you!
* * * LOW HITPOINT WARNING * * *
The white very ugly thing freezes you! You resist.
You die...

. . . ..
.##...#... .. .
# .#........ .#
. .###.##..# ..
..#..#
........#. #.. #
. ........
.#...##....#..##
##. ..#u#.§..# .
# #...#@X.# .#
§.#...#..§# # §#
###..##.... ..
##..#### ...
#... . .#### >
......#..#.#
.#...#. #.## #..
.#. ...# .. .
....# #


You could see a white very ugly thing and a tentacled starspawn.

Vanquished Creatures
  A tentacled starspawn (Abyss:2)
  A very ugly thing (Abyss:2)
  Erica (D:11)
  4 hydras
  A sixfirhy (Abyss:2)
  A spatial maelstrom (Abyss:2)
  5 starcursed masses (Abyss:2)
  2 cyclopes
  An ugly thing (Abyss:2)
  3 black mambas (Lair:2)
  Joseph (D:8)
  2 centaur zombies
  2 ice statues (IceCv)
  A spiny frog (Lair:1)
  A gargoyle (D:11)
  2 rime drakes (Lair:1)
  An efreet (D:9)
  3 komodo dragons
  A queen bee (Lair:2)
  9 ice devils (IceCv)
  4 raiju (Abyss:2)
  3 hippogriffs
  A large abomination (Abyss:2)
  A shadow (D:11)
  A wyvern (D:12)
  A wraith (Abyss:2)
  3 small abominations (Abyss:2)
  8 yaks
  3 fire bats (Abyss:2)
  A steam dragon (D:10)
  4 hogs (D:9)
  A human (D:9)
  2 hungry ghosts
  2 insubstantial wisps (D:10)
  2 acid dragons
  A spatial vortex (Abyss:2)
  5 porcupines
  8 water moccasins
  Duvessa (D:5)
  6 sky beasts
  2 black bears
  An eye of draining (D:11)
  3 ice beasts
  13 orc warriors
  6 ogres
  A necrophage (D:6)
  3 wolves (Lair:1)
  10 centaurs
  3 crocodiles (Lair:1)
  13 bullfrogs
  A gnoll sergeant (D:12)
  Dowan (D:5)
  4 scorpions
  30 killer bees
  27 wights
  3 howler monkeys (D:10)
  A bullfrog zombie (D:11)
  4 crimson imps
  5 jellies
  15 orc priests
  5 hounds
  3 iguanas
  16 orc wizards
  Crazy Yiuf (D:5)
  4 bullfrog skeletons
  Ijyb (D:5)
  10 worker ants
  A big kobold zombie (Ossuary)
  A hound zombie (D:7)
  A hound skeleton (D:6)
  3 mummies (Ossuary)
  A howler monkey skeleton (D:5)
  3 worker ant zombies
  4 gnolls (D:12)
  18 adders
  A shadow imp (Abyss:2)
  9 white imps (IceCv)
  6 ufetubi (IceCv)
  An adder skeleton (D:9)
  2 adder zombies
  3 worms
  3 dart slugs
  6 leopard geckos
  62 orcs
  7 bats (D:1)
  7 giant cockroaches
  2 gnoll zombies (Ossuary)
  11 goblins
  9 hobgoblins
  17 jackals
  6 kobolds
  4 quokkas
  3 ball pythons
  8 frilled lizards
  A hobgoblin zombie (Ossuary)
  A kobold zombie (Ossuary)
  A leopard gecko skeleton (D:6)
  3 orc zombies (Ossuary)
  A quokka skeleton (D:9)
  A quokka zombie (D:6)
  5 rats
  A bush (Lair:2)
  A fungus (Lair:1)
  5 starspawn tentacles (Abyss:2)
506 creatures vanquished.

Vanquished Creatures (collateral kills)
  A hungry ghost (D:8)
  An ogre (D:8)
  A bullfrog (D:8)
  An orc wizard (D:8)
  An orc priest (D:8)
  6 orcs
11 creatures vanquished.

Vanquished Creatures (others)
  A reaper (IceCv)
  3 white imps (IceCv)
  2 ufetubi (IceCv)
  A fungus (Lair:2)
  2 plants (Lair:2)
  A starspawn tentacle (Abyss:2)
10 creatures vanquished.

Grand Total: 527 creatures vanquished

Notes
Turn   | Place    | Note
-------+----------+-------------------------------------------
     0 | D:1      | Mirvelgyr the Minotaur Berserker began the quest for the
                  | Orb.
     0 | D:1      | Reached XP level 1. HP: 19/19 MP: 0/0
   219 | D:1      | Reached skill level 4 in Axes
   329 | D:1      | Reached XP level 2. HP: 21/26 MP: 1/1
   512 | D:1      | Reached ** piety under Trog
   512 | D:1      | Reached skill level 5 in Axes
   651 | D:1      | Reached XP level 3. HP: 31/31 MP: 2/2
   989 | D:2      | Reached XP level 4. HP: 39/39 MP: 3/3
  1069 | D:2      | Reached skill level 6 in Axes
  1656 | D:3      | Reached *** piety under Trog
  1663 | D:3      | Reached XP level 5. HP: 34/45 MP: 4/4
  1763 | D:3      | Reached skill level 7 in Axes
  1881 | D:3      | Reached skill level 8 in Axes
  2068 | D:3      | Reached XP level 6. HP: 51/51 MP: 5/5
  2319 | D:4      | Reached skill level 9 in Axes
  2347 | D:4      | Found a sand-covered staircase.
  2360 | Ossuary  | Entered an ossuary
  2456 | Ossuary  | Reached **** piety under Trog
  2553 | Ossuary  | Reached XP level 7. HP: 49/57 MP: 6/6
  2733 | D:4      | Found a sacrificial altar of Ru.
  3043 | D:4      | Reached skill level 10 in Axes
  3165 | D:4      | Found a staircase to the Ecumenical Temple.
  3817 | D:5      | Entered Level 5 of the Dungeon
  3892 | D:5      | Noticed Ijyb
  3900 | D:5      | Killed Ijyb
  3900 | D:5      | Reached skill level 11 in Axes
  4017 | D:5      | Noticed Duvessa
  4017 | D:5      | Noticed Dowan
  4025 | D:5      | Killed Dowan
  4029 | D:5      | Killed Duvessa
  4029 | D:5      | Reached XP level 8. HP: 57/64 MP: 7/7
  4415 | D:5      | Found a runed translucent door.
  4418 | D:5      | Noticed Crazy Yiuf
  4428 | D:5      | Killed Crazy Yiuf
  4495 | D:5      | Reached skill level 12 in Axes
  4764 | D:6      | Found Xont's Gadget Shop.
  4767 | D:6      | HP: 4/96 [orc warrior/+0 battleaxe (5)]
  4785 | D:6      | Found a runed translucent door.
  4785 | D:6      | Noticed asdu's ghost (amateur HOMo)
  5345 | D:6      | Reached skill level 13 in Axes
  5600 | D:6      | Reached XP level 9. HP: 67/72 MP: 8/8
  5948 | D:7      | Reached skill level 5 in Fighting
  6416 | D:7      | Reached skill level 14 in Axes
  6643 | D:7      | Reached skill level 5 in Armour
  6938 | D:8      | Noticed Joseph
  6947 | D:8      | Reached skill level 5 in Dodging
  6947 | D:8      | Paralysed by fainting for 11 turns
  6973 | D:8      | Reached XP level 10. HP: 37/83 MP: 9/9
  6994 | D:8      | Killed Joseph
  7751 | D:9      | Found the +15 Maxwell's patent armour {-Cast -Tele rElec
                  | MR+ rCorr}
  8280 | D:9      | Reached skill level 15 in Axes
  8526 | D:10     | Entered Level 10 of the Dungeon
  9053 | D:10     | Found a staircase to the Lair.
  9850 | D:11     | Reached XP level 11. HP: 94/94 MP: 10/10
  9898 | D:11     | Received a gift from Trog
  9911 | D:11     | Noticed Erica
  9924 | D:11     | Killed Erica
  9924 | D:11     | Reached ***** piety under Trog
 10024 | D:11     | Received a gift from Trog
 10070 | D:11     | Reached skill level 16 in Axes
 10124 | D:11     | Found a roughly hewn altar of Beogh.
 10124 | D:11     | Found a staircase to the Orcish Mines.
 10185 | D:11     | Noticed a seven-headed hydra
 10191 | D:11     | Killed a ten-headed hydra
 10191 | D:11     | Received a gift from Trog
 10253 | D:11     | Found a glowing golden altar of the Shining One.
 10892 | D:12     | Noticed a six-headed hydra
 10901 | D:12     | Killed a 12-headed hydra
 10904 | D:12     | Reached skill level 17 in Axes
 10913 | D:12     | Received a gift from Trog
 10927 | D:12     | Reached XP level 12. HP: 75/104 MP: 11/11
 11089 | D:11     | Gained mutation: You are resistant to hostile enchantments.
                  | (MR+) [potion of mutation]
 11089 | D:11     | Gained mutation: You have a pair of large horns on your
                  | head. [potion of mutation]
 11089 | D:11     | Gained mutation: You expend magic power (3 MP) to
                  | strengthen your wands. [potion of mutation]
 11207 | Lair:1   | Entered Level 1 of the Lair of Beasts
 11236 | Lair:1   | Found a frozen archway.
 11260 | IceCv    | Entered an ice cave
 11315 | IceCv    | Reached skill level 18 in Axes
 11402 | IceCv    | Received a gift from Trog
 11425 | IceCv    | Killed a reaper
 12025 | Lair:1   | Noticed a five-headed hydra
 12032 | Lair:1   | Killed a nine-headed hydra
 12088 | Lair:1   | Reached skill level 19 in Axes
 12286 | Lair:1   | You fall into a shaft and drop 1 floor!
 12294 | Lair:2   | Found a staircase to the Snake Pit.
 13214 | Lair:2   | Reached skill level 20 in Axes
 13355 | Lair:2   | Noticed a six-headed hydra
 13364 | Lair:2   | Killed a ten-headed hydra
 13400 | Lair:2   | Noticed Sonja
 13555 | Lair:2   | Cast into level 2 of the Abyss (Sonja)
 13604 | Abyss:2  | Reached XP level 13. HP: 100/111 MP: 12/12
 13655 | Abyss:2  | Noticed a starcursed mass
 13677 | Abyss:2  | Noticed a tentacled starspawn
 13686 | Abyss:2  | Killed a tentacled starspawn
 13777 | Abyss:2  | Noticed a purple very ugly thing
 13778 | Abyss:2  | Noticed a purple very ugly thing
 13782 | Abyss:2  | Reached skill level 21 in Axes
 13784 | Abyss:2  | Killed a purple very ugly thing
 13788 | Abyss:2  | Noticed a tentacled starspawn
 13793 | Abyss:2  | HP: 7/166 [white very ugly thing (14)]
 13793 | Abyss:2  | Slain by a white very ugly thing

Levels and vault maps discovered:
D:1:      onia_arrival_mini_spirals, layout_basic, minmay_heptomino_l4
D:2:      layout_rooms, hangedman_decor_points
D:3:      layout_rooms, cheibrodos_sewer_entry_bend, first_ration
D:4:      layout_layer_cave, nicolae_ru_sacrificial_ziggurat, temple_statues,
          enter_ossuary_2
D:5:      layout_loops_ring, uniq_ijyb, uniq_crazy_yiuf_cottage, uniq_duvessa
D:6:      layout_basic, gammafunk_ghost_grave, serial_shops, shop
D:7:      layout_loops_ring
D:8:      layout_loops_ring, uniq_joseph
D:9:      layout_rooms, grunt_livestock
D:10:     layout_grid_maze, lair_entry_dummy, hangedman_misty_isle
D:11:     layout_roguey, david_orc_5, tso_metal_star, uniq_erica
D:12:     layout_layer_cave, uniq_jorgrun
Lair:1:   layout_chaotic_city, portal_ice_cave_rime
Lair:2:   statuecave_lemuel, layout_misc_corridors,
          minmay_snake_entry_six_corridors, special_room [special_room_bee],
          chequers_serial_rivers_large_a, beast_lair_carwin_11,
          minmay_lair_oklob_chamber, infiniplex_staircase_pool, uniq_sonja
Abyss:2

Skill      XL: |  1  2  3  4  5  6  7  8  9 10 11 12 13 |
---------------+----------------------------------------+-----
Axes           | 4 5 6 8 9 11 13 14 15 17 20 21 | 21.1
Fighting       | 4 6 7 9 |  9.2
Armour         | 3 5 7 8 |  8.8
Dodging        | 3 5 6 8 |  8.1

Action                   |  1- 3 |  4- 6 |  7- 9 | 10-12 | 13-15 || total
-------------------------+-------+-------+-------+-------+-------++-------
Melee: Hand axe          |    73 |   135 |   160 |       |       ||   368
       Headbutt          |     7 |    27 |    62 |   121 |    12 ||   229
       Battleaxe         |       |       |   143 |   532 |       ||   675
       Executioner's axe |       |       |       |   133 |    57 ||   190
Invok: Berserk           |     2 |     2 |     6 |     7 |     1 ||    18
       Trog's Hand       |       |     1 |     7 |    19 |     2 ||    29
       Brothers in Arms  |       |       |     1 |     2 |       ||     3
  Use: Scroll            |       |     5 |     1 |    25 |       ||    31
       Potion            |       |       |     1 |     7 |       ||     8
  Eat: Chunk             |     1 |     8 |    11 |    20 |       ||    40
       Ration            |       |       |     6 |     7 |       ||    13
Armor: Leather armour    |    14 |       |       |       |       ||    14
       Animal skin       |     2 |       |       |       |       ||     2
       Ring mail         |    21 |    41 |    29 |       |       ||    91
       Chain mail        |       |       |   132 |     9 |       ||   141
       Plate armour      |       |       |       |   528 |    33 ||   561
Dodge: Dodged            |    52 |    60 |   177 |   322 |    20 ||   631

Table legend:
 A = Non-vault XP
 B = Vault XP
 C = Vault XP percentage of total XP
 D = Non-vault monster count
 E = Vault monster count
 F = Vault count percentage of total count
                 A         B        C        D         E       F
            +---------+---------+-------+---------+---------+-------
      Total |   33671 |   13164 |  28.1 |     389 |     120 |  23.6
            +---------+---------+-------+---------+---------+-------
        D:1 |      50 |       4 |   7.4 |      27 |       2 |   6.9
        D:2 |     113 |       0 |   0.0 |      27 |       0 |   0.0
        D:3 |     221 |       5 |   2.2 |      31 |       1 |   3.1
        D:4 |     659 |       0 |   0.0 |      24 |       0 |   0.0
        D:5 |     324 |     279 |  46.3 |      21 |       4 |  16.0
        D:6 |    1083 |       0 |   0.0 |      31 |       0 |   0.0
        D:7 |    1891 |       0 |   0.0 |      28 |       0 |   0.0
        D:8 |    1004 |     341 |  25.4 |      20 |       1 |   4.8
        D:9 |    1250 |     978 |  43.9 |      14 |       5 |  26.3
       D:10 |    1623 |     902 |  35.7 |      34 |       6 |  15.0
       D:11 |    4698 |    2127 |  31.2 |      48 |      24 |  33.3
       D:12 |    4883 |       0 |   0.0 |      34 |       0 |   0.0
     Lair:1 |    3877 |     725 |  15.8 |      19 |       2 |   9.5
     Lair:2 |    2710 |    3796 |  58.3 |       8 |      38 |  82.6
    Abyss:2 |    9285 |       0 |   0.0 |      23 |       0 |   0.0
    Ossuary |       0 |      87 | 100.0 |       0 |      11 | 100.0
      IceCv |       0 |    3920 | 100.0 |       0 |      26 | 100.0
            +---------+---------+-------+---------+---------+-------
